Map: Acropolis LE

Players

PeLLy - Winner!

  • Race: Zerg Zerg
  • League: Diamond
  • Spawn Location: 5:00

Frolik

  • Race: Protoss Protoss
  • League: Platinum
  • Spawn Location: 11:00

VOD

Have the link to the VOD?

Description

Time

  • Played on: Aug. 17, 2019, 4:43 p.m.
  • Length: 9:02
Show
View Real Time Build Order
Export as new Build Order

PeLLy Zerg - Winner!

Build Orders: Pool First 

Get SALT Encoding   

  12  0:00  Drone  
  13  0:08  Drone  
  14  0:14  Extractor  
  14  0:17  Drone  
  15  0:25  Overlord  
  15  0:43  Drone x2  
  15  0:45  Drone  
  18  0:58  Spawning Pool  
  18  0:59  Drone  
  18  1:17  Drone  
  18  1:18  Hatchery  
  18  1:53  Drone  
  18  1:54  Drone x2  
  21  2:05  Hatchery  
  20  2:09  Zergling x2  
  21  2:16  Overlord  
  21  2:19  Extractor, Queen  
  23  2:37  Zergling x4  
  25  2:54  Zergling x2  
  26  3:04  Drone  
  27  3:09  Hatchery, Roach Warren  
  25  3:29  Drone  
  25  3:30  Drone x3  
  29  3:40  Drone x4  
  29  3:41  Drone  
  34  3:44  Lair  
  34  3:47  Overlord  
  34  3:59  Drone  
  34  4:00  Drone  
  36  4:10  Drone x2, Extractor  
  36  4:12  Drone x3  
  40  4:22  Drone x4  
  44  4:26  Spore Crawler  
  44  4:30  Drone  
  44  4:32  Queen x2  
  44  4:35  Drone x2  
  50  4:49  Extractor  
  50  4:50  Extractor  
  50  4:51  Roach  
  50  4:52  Overlord x3  
  49  5:11  Roach x5  
  59  5:15  Drone x3  
  62  5:23  Drone  
  63  5:30  Spore Crawler  
  63  5:31  Spore Crawler  
  63  5:32  Extractor  
  63  5:33  Extractor  
  63  5:34  Roach x2  
  63  5:37  Roach  
  63  5:38  Roach x2  
  69  5:47  Drone x5, Evolution Chamber  
  69  5:49  Evolution Chamber  
  72  6:04  Drone  
  72  6:05  Drone  
  72  6:06  Overlord x6  
  71  6:35  Roach x13  
  89  6:43  Ravager x7  
  96  6:54  Extractor, Roach  
  96  6:55  Roach x3  
  97  7:12  Roach x5  
  97  7:13  Roach  
  109  7:24  Overseer x3  
  109  7:27  Drone  
  109  7:28  Drone x3  
  113  7:39  Glial Reconstitution  
  113  7:47  Drone  
  113  7:49  Overlord x2  
  95  8:37  Roach x9  
  95  8:38  Roach x7  
Show
View Real Time Build Order
Export as new Build Order

Frolik Protoss 

Build Orders:  

Get SALT Encoding   

  12  0:01  Probe  
  13  0:13  Probe  
  14  0:23  Pylon  
  14  0:28  Probe  
  15  0:38  Probe  
  16  0:46  Probe  
  16  0:48  Gateway  
  16  0:55  Assimilator  
  16  0:56  Probe  
  18  1:08  Probe  
  19  1:17  Pylon  
  19  1:21  Probe  
  20  1:29  Forge  
  20  1:31  Zealot  
  20  1:34  Probe  
  20  1:39  Cybernetics Core  
  23  1:47  Pylon  
  23  1:58  Probe  
  24  2:03  Gateway  
  24  2:11  Probe  
  25  2:19  Photon Cannon  
  25  2:20  Warp Gate  
  25  2:25  Shield Battery  
  25  2:47  Pylon  
  25  2:50  Sentry  
  27  2:54  Probe  
  27  2:56  Assimilator  
  28  3:08  Photon Cannon  
  28  3:16  Photon Cannon  
  28  3:25  Nexus  
  28  3:30  Probe  
  28  3:39  Sentry  
  30  3:42  Probe  
  30  3:43  Pylon  
  31  4:08  Twilight Council  
  31  4:13  Photon Cannon  
  31  4:15  Pylon  
  31  4:17  Pylon  
  31  4:18  Protoss Ground Weapons Level 1, Probe  
  31  4:22  Stalker  
  34  4:29  Probe  
  34  4:37  Probe x2  
  37  4:49  Probe  
  38  4:56  Zealot  
  40  5:02  Dark Shrine  
  40  5:07  Gateway  
  40  5:09  Gateway  
  40  5:12  Probe  
  40  5:19  Probe  
  41  5:23  Assimilator  
  41  5:26  Gateway  
  41  5:29  Probe  
  41  5:34  Stalker  
  41  5:35  Zealot  
  46  5:44  Photon Cannon  
  46  5:45  Probe  
  46  5:48  Pylon  
  47  5:56  Sentry  
  49  5:57  Sentry  
  51  6:07  Stalker x2  
  55  6:18  Probe  
  56  6:19  Zealot  
  56  6:22  Photon Cannon  
  56  6:24  Probe  
  59  6:30  Probe  
  60  6:35  Pylon  
  56  6:53  Robotics Facility  
  56  6:55  Stalker  
  56  6:56  Zealot, Stalker x2  
  56  6:57  Zealot  
  66  7:07  Pylon  
  51  7:24  Stalker x3  
  51  7:25  Zealot x2  
  61  7:33  Immortal  
  65  7:47  Probe x2  
  65  7:50  Assimilator  
  63  7:59  Probe  
  63  8:02  Immortal  
  62  8:17  Stalker x2  
  54  8:36  Stalker x2  
  54  8:37  Stalker  
Tags
 
Add a new tag
Caveats
  • Supply blocks, unpowered buildings, or Contaminate may cause inaccurate times.
  • Supply counts are checked every 10 seconds.